 Dungeon Crawl Stone Soup version 0.30-a0-824-g6c64550be9 (webtiles) character file.

Game seed: 6828383977095695070

1 Pimp the Sneak (level 1, -1/14 HPs)
             Began as an Octopode Brigand on Feb 27, 2023.
             Slain by a hobgoblin (3 damage)
             ... on level 1 of the Dungeon.
             The game lasted 00:00:10 (66 turns).

Pimp the Sneak (Octopode Brigand)                     Turns: 66, Time: 00:00:10

Health: -1/14      AC:  1    Str: 10    XL:     1   Next: 20%
Magic:  1/1        EV: 12    Int: 13    God:
Gold:   0          SH:  0    Dex: 13    Spells: 0/0 levels left

rFire   . . .      SeeInvis .    a - +2 dagger
rCold   . . .      Faith    .    (no shield)
rNeg    . . .      Spirit   .    (helmet restricted)
rPois   .          Reflect  .    (no amulet)
rElec   .          Harm     .    (no ring)
rCorr   .          Rampage  .    (no ring)
Will    .....                    (no ring)
Stlth   ++++                     (no ring)
HPRegen 0.22/turn                (no ring)
MPRegen 0.07/turn                (no ring)
                                 (no ring)
                                 (no ring)

@: no status effects
A: almost no armour, amphibious, 8 rings, camouflage 1, gelatinous body 1,
(nimble swimmer 1), tentacles
a: no special abilities


You were on level 1 of the Dungeon.
You visited 1 branch of the dungeon, and saw 1 of its levels.

Inventory:

Hand Weapons
 a - a +2 dagger (weapon)
Missiles
 b - 9 poisoned darts (quivered)
 c - 3 curare-tipped darts


   Skills:
 + Level 2.0 Fighting
 + Level 2.0 Short Blades
 + Level 2.0 Throwing
 + Level 1.0 Dodging
 + Level 5.3 Stealth


You couldn't memorise any spells.
You didn't know any spells.
Your spell library was empty.

Dungeon Overview and Level Annotations

Branches:
Dungeon (1/15)

Altars:


Innate Abilities, Weirdness & Mutations

You cannot wear most types of armour.
You are amphibious.
You can wear up to eight rings at the same time.
Your skin changes colour to match your surroundings (Stealth+).
Your rubbery body absorbs attacks. (AC +1, EV +1)
((You are camouflaged when in or above water. (Stealth+)))
You have tentacles for arms and can constrict up to eight enemies at once.


Message History

Welcome, Pimp the Octopode Brigand.
The heart of this dungeon contains the fabulous artefact, the Orb of Zot.
Press ? for a list of commands and other information.
Found a staircase leading out of the dungeon.
You open the gate.
There is an open gate here.
There is a fountain of clear blue water here.
There is a fountain of clear blue water here.
An endoplasm comes into view.
The helpless endoplasm fails to defend itself.
You impale the endoplasm!!
You kill the endoplasm!
You open the door.
Found a spear.
A hobgoblin comes into view.
There is an open door here.
Found 12 gold pieces.
You see here a +0 spear.
A goblin comes into view. It is wielding a +0 dagger.
A frilled lizard comes into view.
The hobgoblin shouts!
The goblin shouts!
An endoplasm comes into view.
The hobgoblin hits you.
You hit the hobgoblin. Your grab misses the hobgoblin.
The hobgoblin is moderately wounded.
The hobgoblin hits you.
You hit the hobgoblin. You grab the hobgoblin.
The hobgoblin is heavily wounded.
You constrict the hobgoblin, but do no damage.
The hobgoblin misses you.
You hit the hobgoblin.
The hobgoblin is severely wounded.
You constrict the hobgoblin. The goblin hits you with a +0 dagger.
The hobgoblin hits you.
* * * LOW HITPOINT WARNING * * *
You release your grip on the hobgoblin.
The hobgoblin attacks as you move away! The hobgoblin hits you.
* * * LOW HITPOINT WARNING * * *
The hobgoblin attacks as you move away! The hobgoblin hits you.
You die...

#.$...... .............
#.....J. ...♣.....♣...
#......# .............
#......###### ...♣.....♣...
##.....J....# .............
#..........# .....#'''#....
#.......l..#....###...###..
#..#....gg##....#.......#..
#..+......@#....#.......#..
#. #######'#....#.......#..
#. +............#.......#..
##...........#...<...#..
##.........###.......###
#..........#...........#
#..........#.8.......8.#
#..........#...#####...#
...........#####...#####


You could see an endoplasm, a hobgoblin, a goblin and a frilled lizard.

Vanquished Creatures
  An endoplasm (D:1)
1 creature vanquished.

Notes
Turn   | Place    | Note
-------+----------+-------------------------------------------
     0 | D:1      | Pimp the Octopode Brigand began the quest for the Orb.
     0 | D:1      | Reached XP level 1. HP: 14/14 MP: 1/1
    66 | D:1      | Slain by a hobgoblin

Illustrated notes

Levels and vault maps discovered:
D:1:      wander_arrival_estate, layout_basic, serial_shops,
          nicolae_square_shop, roderic_serpentine_path

Action                     || total
---------------------------++-------
  Melee: Dagger            ||     4
         Constrict         ||     1
   Stab: Sleeping          ||     1
  Dodge: Dodged            ||     1

Table legend: (Time is in decaauts)
 A = Elapsed time spent in this place.
 B = Non-inter-level travel time spent in this place.
 C = Inter-level travel time spent in this place.
 D = Time resting spent in this place.
 E = Time spent auto-exploring this place.
 F = Levels seen in this place.
 G = Mean time per level.
                   A        B        C        D        E       F      G
               +--------+--------+--------+--------+--------+-----+--------+
         Total |     65 |     65 |      0 |      0 |     44 |   1 |   65.0 |
       Dungeon |     65 |     65 |      0 |      0 |     44 |   1 |   65.0 |
               +--------+--------+--------+--------+--------+-----+--------+

Top non-repeatable levels by time:
     D:1: 65 daAuts
